Map: Port Aleksander LE

Players

Odin - Winner!

  • Race: Terran Terran
  • League: Gold
  • Spawn Location: 11:00

keyser

  • Race: Terran Terran
  • League: Gold
  • Spawn Location: 5:00

VOD

Have the link to the VOD?

Description

Time

  • Played on: Dec. 16, 2018, 5:21 a.m.
  • Length: 4:31
Show
View Real Time Build Order
Export as new Build Order

Odin Terran - Winner!

Build Orders:  

Get SALT Encoding   

  12  0:19  Supply Depot  
  12  0:20  SCV  
  13  0:32  SCV  
  13  0:33  Refinery  
  14  0:41  Refinery  
  14  0:44  SCV  
  15  1:03  Barracks  
  15  1:23  Barracks  
  15  1:40  Supply Depot  
  15  1:50  Reaper  
  16  2:00  SCV  
  17  2:11  Reaper  
  18  2:22  Reaper  
  19  2:35  Factory  
  19  2:42  Orbital Command  
  19  2:46  Reaper  
  20  2:54  Reaper  
  20  3:24  Reaper  
  20  3:26  Reaper  
  22  3:29  SCV  
  22  3:31  Factory Tech Lab  
  23  3:34  Starport  
  23  3:41  SCV  
Show
View Real Time Build Order
Export as new Build Order

keyser Terran 

Build Orders:  

Get SALT Encoding   

  12  0:01  SCV  
  13  0:13  SCV  
  14  0:26  SCV  
  15  0:29  Supply Depot  
  15  0:41  Refinery  
  15  0:51  SCV  
  15  0:54  Barracks  
  16  1:05  SCV  
  17  1:21  SCV  
  17  1:23  Refinery  
  18  1:33  SCV  
  18  1:37  Supply Depot  
  19  1:41  Marine  
  20  1:47  Factory  
  20  1:50  Orbital Command  
  20  2:09  Marine  
  22  2:22  SCV  
  22  2:26  Marine  
  23  2:33  Starport  
  23  2:35  SCV  
  24  2:44  Marine  
  24  2:48  Hellion  
  27  3:02  Marine  
  26  3:20  Marine  
  24  3:33  SCV  
  25  3:38  Marine  
  26  3:46  SCV, Hellion  
  25  3:55  Marine  
  25  4:13  Marine  
Tags
 
League
GoldGold
Matchup
TvT
Race
Terran
Spawn Locations
Cross Positions
Add a new tag
Caveats
  • Supply blocks, unpowered buildings, or Contaminate may cause inaccurate times.
  • Supply counts are checked every 10 seconds.